 Dungeon Crawl Stone Soup version 0.31-a0-7-g51783674b7 (webtiles) character file.

Game seed: 6753387517912978636

43 sircluck the Trooper (level 3, 0/33 HPs)
             Began as a Minotaur Fighter on May 5, 2023.
             Slain by a hound (4 damage)
             ... on level 4 of the Dungeon.
             The game lasted 00:00:55 (972 turns).

sircluck the Trooper (Minotaur Fighter)              Turns: 972, Time: 00:00:56

Health: 0/33       AC:  7    Str: 22    XL:     3   Next: 37%
Magic:  2/2        EV:  9    Int:  5    God:
Gold:   60         SH:  4    Dex:  9    Spells: 2/2 levels left

rFire   . . .        a - +0 trident
rCold   . . .        c - +0 buckler
rNeg    . . .        b - +0 scale mail
rPois   .            (helmet restricted)
rElec   .            (no cloak)
rCorr   .            (no gloves)
SInv    .            (no boots)
Will    .....        (no amulet) Stlth
                     (no ring)
HPRegen 0.25/turn    (no ring)
MPRegen 0.08/turn

%: no passive effects
@: no status effects
A: horns 2, retaliatory headbutt
a: no special abilities


You were on level 4 of the Dungeon.
You visited 1 branch of the dungeon, and saw 4 of its levels.

You collected 60 gold pieces.

Inventory:

Hand Weapons
 a - a +0 trident (weapon)
Armour
 b - a +0 scale mail (worn)
 c - a +0 buckler (worn)
Jewellery
 e - an amulet of the acrobat
Potions
 d - a potion of might
 f - a potion of ambrosia {unknown}
 g - a potion of berserk rage {unknown}
 h - a potion of lignification {unknown}
 i - a potion of invisibility {unknown}
 j - a potion of curing {unknown}


   Skills:
 + Level 4.2 Fighting
 + Level 3.0 Polearms
 + Level 4.1 Armour
 + Level 4.1 Shields


You had 2 spell levels left.
You didn't know any spells.
Your spell library was empty.

Dungeon Overview and Level Annotations

Branches:
Dungeon (4/15)
 Temple: D:4-7

Altars:


Innate Abilities, Weirdness & Mutations

You have a pair of horns on your head.
You reflexively headbutt those who attack you in melee.


Message History

Unknown command.
You are too injured to fight recklessly!
You are too injured to fight recklessly!
Unknown command.
You are too injured to fight recklessly!
Unknown command.
You are too injured to fight recklessly!
Unknown command.
You are too injured to fight recklessly!
Unknown command.
You are too injured to fight recklessly!
You closely miss the kobold. The hound bites you but does no damage.
The kobold barely misses you. The hound bites you but does no damage.
You closely miss the kobold. The hound bites you.
* * * LOW HITPOINT WARNING * * *
The kobold completely misses you. The hound bites you but does no damage.
You closely miss the kobold. The hound bites you.
* * * LOW HITPOINT WARNING * * *
You block the kobold's attack.
You closely miss the kobold. Your headbutt misses the kobold.
The hound bites you but does no damage. The kobold hits you but does no damage.
You block the hound's attack. The kobold completely misses you.
You furiously retaliate!
You headbutt the kobold!
You kill the kobold!
Your Polearms skill increases to level 3!
Unknown command.
You completely miss the hound. You headbutt the hound!
The hound is almost dead.
The hound bites you but does no damage. The hound barely misses you.
You closely miss the hound.
The hound is almost dead.
The hound bites you.
* * * LOW HITPOINT WARNING * * *
The hound bites you.
* * * LOW HITPOINT WARNING * * *
You closely miss the hound.
You headbutt the hound, but do no damage.
The hound is almost dead.
You block the hound's attack. The hound bites you.
You die...

.....#. ##
...#... #
#...... .#
#...... .###.
#......## ......
#.......##......
.......<........
..###....#..###
#.##@# # #.
#)hJ....# #
##.....##
...#..# ....#.#
##.... .....
.#...


You could see a hound and an endoplasm.

Vanquished Creatures
  An adder (D:3)
  A worm (D:3)
  A dart slug (D:1)
  2 endoplasms
  A giant cockroach (D:1)
  3 goblins (D:1)
  3 hobgoblins
  5 kobolds
  A quokka (D:3)
  3 ball pythons
  A bat (D:1)
  A frilled lizard (D:1)
  3 rats (D:1)
26 creatures vanquished.

Notes
Turn   | Place    | Note
-------+----------+-------------------------------------------
     0 | D:1      | sircluck the Minotaur Fighter began the quest for the Orb.
     0 | D:1      | Reached XP level 1. HP: 19/19 MP: 0/0
   283 | D:1      | Reached XP level 2. HP: 27/27 MP: 1/1
   855 | D:3      | Reached XP level 3. HP: 28/33 MP: 2/2
   972 | D:4      | Slain by a hound

Illustrated notes

Levels and vault maps discovered:
D:1:      dpeg_arrival_tiny_h, layout_basic
D:2:      layout_loops_ring, nrook_uturn, nicolae_titane,
          uniq_crazy_yiuf_cottage, uniq_terence, uniq_robin
D:3:      layout_loops_corners, nicolae_overflow_crystal_walls,
          hellmonk_ecumenical_altar_run_dry, uniq_jessica
D:4:      layout_rooms, nicolae_overflow_two_pavilions,
          cheibrodos_sewer_entry_drain, serial_shops,
          nicolae_shop_temple_entry_statues_fountains,
          gammafunk_ghost_abyssal_escape, hangedman_decor_lopped

Skill      XL: |  1  2  3 |
---------------+----------+-----
Fighting       | 4 |  4.2
Shields        | 4 |  4.1
Armour         | 4 |  4.1
Polearms       | 3 |  3.0

Action                     || total
---------------------------++-------
  Melee: Trident           ||    71
         Headbutt          ||    12
 Armour: Scale mail        ||    31
  Dodge: Dodged            ||    22
  Block: Buckler           ||     6

Table legend: (Time is in decaauts)
 A = Elapsed time spent in this place.
 B = Non-inter-level travel time spent in this place.
 C = Inter-level travel time spent in this place.
 D = Time resting spent in this place.
 E = Time spent auto-exploring this place.
 F = Levels seen in this place.
 G = Mean time per level.
                   A        B        C        D        E       F      G
               +--------+--------+--------+--------+--------+-----+--------+
         Total |    986 |    971 |     15 |      0 |    781 |   4 |  246.5 |
       Dungeon |    986 |    971 |     15 |      0 |    781 |   4 |  246.5 |
               +--------+--------+--------+--------+--------+-----+--------+

Top non-repeatable levels by time:
     D:1: 797 daAuts
     D:3: 110 daAuts
     D:2: 59 daAuts
     D:4: 18 daAuts
